 Dungeon Crawl Stone Soup version 0.31-a0-1-g4198be8af4 (webtiles) character file.

Game seed: 5734175125736741249

200 testman the Sneak (level 5, -15/43 HPs)
             Began as a Gnoll Wanderer on May 1, 2023.
             Demolished by an ogre
             ... wielding a +0 giant spiked club
              (28 damage)
             ... on level 4 of the Dungeon.
             The game lasted 00:10:45 (3132 turns).

testman the Sneak (Gnoll Wanderer)                  Turns: 3132, Time: 00:10:46

Health: -15/43     AC:  2    Str:  9    XL:     5   Next: 79%
Magic:  9/9        EV: 13    Int: 12    God:
Gold:   222        SH:  0    Dex: 15    Spells: 10/10 levels left

rFire   . . .        a - +1 dagger
rCold   . . .        (no shield)
rNeg    . . .        e - +0 robe
rPois   .            (no helmet)
rElec   .            (no cloak)
rCorr   .            (no gloves)
SInv    +            (no boots)
Will    .....        u - amulet of magic regeneration
Stlth   +++          p - ring of see invisible
HPRegen 0.27/turn    (no ring)
MPRegen 0.51/turn

%: no passive effects
@: no status effects
A: fangs 1, strong nose, distributed training
a: no special abilities


You were on level 4 of the Dungeon.
You visited 1 branch of the dungeon, and saw 4 of its levels.

You collected 222 gold pieces.

Inventory:

Hand Weapons
 a - a +1 dagger (weapon)
Missiles
 b - an atropa-tipped dart (quivered)
 c - a datura-tipped dart
Armour
 e - a +0 robe (worn)
Jewellery
 p - a ring of see invisible (left hand)
 u - an amulet of magic regeneration (around neck)
Scrolls
 d - 2 scrolls of fog
 f - a scroll of brand weapon {unknown}
 g - a scroll of magic mapping {unknown}
 h - 2 scrolls of enchant armour {unknown}
 i - a scroll of poison {unknown}
 j - 2 scrolls of blinking {unknown}
 l - 3 scrolls of noise {unknown}
 m - 2 scrolls of identify {unknown}
Potions
 k - a potion of degeneration {unknown}
 n - 2 potions of curing {unknown}
 o - a potion of mutation {unknown}
 q - a potion of lignification {unknown}
 r - a potion of brilliance {unknown}
 s - a potion of haste {unknown}
 t - a potion of attraction {unknown}


   Skills:
 + Level 4.9 Fighting
 + Level 1.7 Short Blades
 + Level 1.7 Long Blades
 + Level 1.7 Axes
 + Level 1.7 Maces & Flails
 + Level 1.7 Polearms
 + Level 1.7 Staves
 + Level 1.7 Ranged Weapons
 + Level 1.7 Throwing
 + Level 3.1 Armour
 + Level 3.1 Dodging
 + Level 6.2 Stealth
 + Level 1.7 Shields
 + Level 1.7 Unarmed Combat
 + Level 3.3 Spellcasting
 + Level 1.3 Conjurations
 + Level 1.3 Hexes
 + Level 1.3 Summonings
 + Level 2.5 Necromancy
 + Level 1.3 Translocations
 + Level 1.3 Transmutations
 + Level 1.3 Fire Magic
 + Level 1.3 Ice Magic
 + Level 1.3 Air Magic
 + Level 1.3 Earth Magic
 + Level 1.3 Poison Magic
 + Level 3.2 Invocations
 + Level 1.7 Evocations


You had 10 spell levels left.
You didn't know any spells.
Your spell library contained the following spells:

 Spells                   Type           Power      Damage    Failure   Level
 Sublimation of Blood     Necr           8%         N/A       13%         2
 Cigotuvi's Dreadful Rot  Necr/Pois/Air  12%        N/A       19%         2
 Summon Guardian Golem    Hex/Summ       5%         N/A       38%         3
 Orb of Destruction       Conj           2%         9d5       100%        7
 Spellforged Servitor     Conj/Summ      2%         N/A       100%        7
 Chain Lightning          Conj/Air       2%         3d3       100%        9
 Fire Storm               Conj/Fire      2%         8d1       100%        9
 Shatter                  Erth           2%         3d6*      100%        9


Dungeon Overview and Level Annotations

Branches:
Dungeon (4/15)
 Temple: D:4-7

Altars:
The Shining One

Shops:
D:2 (

Annotations:
D:3 Sigmund


Innate Abilities, Weirdness & Mutations

You have very sharp teeth.
Your uncanny sense of smell can sniff out nearby items.
Your experience applies equally to all skills.


Message History

You hit the hound.
The hound is heavily wounded.
The hound bites you.
You hit the hound but do no damage.
The hound is heavily wounded.
The hound barely misses you. The hound bites you.
You hit the hound.
The hound is heavily wounded.
The hound barely misses you.
You barely miss the hound.
The hound is heavily wounded.
The hound bites you.
You barely miss the hound.
The hound is heavily wounded.
The hound closely misses you. The hound barely misses you.
You hit the hound but do no damage. You bite the hound.
The hound is severely wounded.
The hound barely misses you.
You barely miss the hound. Your bite misses the hound.
The hound is heavily wounded.
The hound bites you. x2
You hit the hound.
The hound is severely wounded.
The hound bites you.
You barely miss the hound. You bite the hound.
The hound is severely wounded.
The hound bites you.
You completely miss the hound.
The hound is severely wounded.
The hound bites you. x2
You barely miss the hound.
The hound is severely wounded.
The hound bites you.
You hit the hound.
You kill the hound!
You hit the ogre.
The ogre is lightly wounded.
The ogre hits you with a +0 giant spiked club!!
Ouch! That really hurt!
You die...

#####.#######
#..(........#
#...........#
#...........# ∆
#....)......#
#...........#
#...........#
######...........#
###
##.O@..........[..#
#.#####.#
#..################
......#.###.##
#.#.#....#..#
.O.....h...##
#.....#>...#
#...#.#..#.#
##....#..#.# #
#.....#.###


You could see an ogre.

Vanquished Creatures
  A hound (D:4)
  Jessica (D:2)
  Natasha (twice) (D:2)
  3 adders
  A worm (D:2)
  A dart slug (D:1)
  3 orcs
  5 ball pythons
  3 bats
  5 endoplasms
  5 giant cockroaches
  2 goblins
  4 hobgoblins
  4 jackals (D:1)
  7 kobolds
  4 quokkas
  3 frilled lizards
  5 rats
59 creatures vanquished.

Vanquished Creatures (others)
  7 plants (D:3)
7 creatures vanquished.

Grand Total: 66 creatures vanquished

Notes
Turn   | Place    | Note
-------+----------+-------------------------------------------
     0 | D:1      | testman the Gnoll Wanderer began the quest for the Orb.
     0 | D:1      | testman set off with the following items: a +1 dagger, an
                  | atropa-tipped dart, a datura-tipped dart, a scroll of fog,
                  | a +0 robe; and the following spells available to memorise:
                  | Sublimation of Blood, Cigotuvi's Dreadful Rot.
     0 | D:1      | Reached XP level 1. HP: 20/20 MP: 4/4
   118 | D:1      | Reached XP level 2. HP: 26/26 MP: 5/5
   396 | D:1      | Reached XP level 3. HP: 23/31 MP: 7/7
   457 | D:1      | Reached skill level 6 in Stealth
   507 | D:1      | You fall into a shaft and drop 1 floor!
   532 | D:2      | Found Pumechap's Weapon Boutique.
  1255 | D:2      | Reached skill level 1 in Short Blades
  1255 | D:2      | Reached skill level 1 in Long Blades
  1255 | D:2      | Reached skill level 1 in Axes
  1255 | D:2      | Reached skill level 1 in Maces & Flails
  1255 | D:2      | Reached skill level 1 in Polearms
  1255 | D:2      | Reached skill level 1 in Staves
  1255 | D:2      | Reached skill level 1 in Ranged Weapons
  1255 | D:2      | Reached skill level 1 in Throwing
  1255 | D:2      | Reached skill level 1 in Shields
  1255 | D:2      | Reached skill level 1 in Unarmed Combat
  1255 | D:2      | Reached skill level 1 in Evocations
  1368 | D:2      | Noticed Natasha
  1378 | D:2      | Killed Natasha
  1379 | D:2      | Reached XP level 4. HP: 38/38 MP: 8/8
  1389 | D:2      | Noticed Natasha
  1416 | D:2      | Killed Natasha
  1417 | D:2      | Reached skill level 1 in Conjurations
  1417 | D:2      | Reached skill level 1 in Hexes
  1417 | D:2      | Reached skill level 1 in Summonings
  1417 | D:2      | Reached skill level 1 in Translocations
  1417 | D:2      | Reached skill level 1 in Transmutations
  1417 | D:2      | Reached skill level 1 in Fire Magic
  1417 | D:2      | Reached skill level 1 in Ice Magic
  1417 | D:2      | Reached skill level 1 in Air Magic
  1417 | D:2      | Reached skill level 1 in Earth Magic
  1417 | D:2      | Reached skill level 1 in Poison Magic
  1681 | D:2      | Noticed Jessica
  1692 | D:2      | Killed Jessica
  1693 | D:2      | Reached XP level 5. HP: 20/43 MP: 9/9
  1813 | D:3      | Noticed Sigmund
  2941 | D:4      | Found a glowing golden altar of the Shining One.
  3078 | D:4      | Noticed an ogre
  3132 | D:4      | Demolished by an ogre

Illustrated notes

Levels and vault maps discovered:
D:1:      dpeg_arrival_fog, layout_loops_cross, minmay_misc_feat_secret_circle,
          hangedman_decor_points
D:2:      layout_basic, serial_shops, shop_fountains, uniq_natasha, uniq_jessica
D:3:      layout_loops_ring, minmay_misc_feat_pillars, guppyfry_early_lair_pool,
          uniq_sigmund
D:4:      layout_basic, mainiacjoe_overflow_brackets

Skill      XL: |  1  2  3  4  5 |
---------------+----------------+-----
Necromancy     | 2 |  2.5
Stealth        | 6 |  6.2
Short Blades   | 1 |  1.7
Long Blades    | 1 |  1.7
Axes           | 1 |  1.7
Maces & Flails | 1 |  1.7
Polearms       | 1 |  1.7
Staves         | 1 |  1.7
Ranged Weapons | 1 |  1.7
Throwing       | 1 |  1.7
Shields        | 1 |  1.7
Unarmed Combat | 1 |  1.7
Evocations     | 1 |  1.7
Spellcasting   | 3 |  3.3
Conjurations   | 1 |  1.3
Hexes          | 1 |  1.3
Summonings     | 1 |  1.3
Translocations | 1 |  1.3
Transmutations | 1 |  1.3
Fire Magic     | 1 |  1.3
Ice Magic      | 1 |  1.3
Air Magic      | 1 |  1.3
Earth Magic    | 1 |  1.3
Poison Magic   | 1 |  1.3
Invocations    | 3 |  3.2
Armour         | 3 |  3.1
Dodging        | 3 |  3.1
Fighting       | |  4.9

Action                     |  1- 3 |  4- 6 || total
---------------------------+-------+-------++-------
  Melee: Dagger            |   107 |   152 ||   259
         Bite              |     7 |    13 ||    20
         Punch             |     1 |     4 ||     5
    Use: Potion            |       |     1 ||     1
   Stab: Sleeping          |    11 |     6 ||    17
 Armour: Robe              |    16 |    21 ||    37
  Dodge: Dodged            |    70 |    98 ||   168

Table legend: (Time is in decaauts)
 A = Elapsed time spent in this place.
 B = Non-inter-level travel time spent in this place.
 C = Inter-level travel time spent in this place.
 D = Time resting spent in this place.
 E = Time spent auto-exploring this place.
 F = Levels seen in this place.
 G = Mean time per level.
                   A        B        C        D        E       F      G
               +--------+--------+--------+--------+--------+-----+--------+
         Total |   3125 |   2941 |    184 |    231 |   1946 |   4 |  781.2 |
       Dungeon |   3125 |   2941 |    184 |    231 |   1946 |   4 |  781.2 |
               +--------+--------+--------+--------+--------+-----+--------+

Top non-repeatable levels by time:
     D:2: 1045 daAuts
     D:3: 925 daAuts
     D:1: 869 daAuts
     D:4: 284 daAuts
